[Event "Titled Tuesday Blitz July 05 Early 2022"]
[White "Preotu, Razvan"]
[Black "Hansen, Eric"]
[WhiteFideId "2613280"]
[BlackFideId "2606771"]
[WhiteElo "2407"]
[BlackElo "2568"]
[Result "1-0"]
[Round "10"]
[TimeControl "180+1"]
[Date "2022.07.05"]
[WhiteClock "0:00:07"]
[BlackClock "0:00:10"]

1. e4 c5 2. Nf3 Nc6 3. Bb5 e6 4. O-O Nge7 5. Re1 a6 6. Bf1 d6 7. c3 e5 8. h3 Ng6 9. d4 Be7 10. dxc5 dxc5 11. Qxd8+ Kxd8 12. Be3 Kc7 13. a4 Be6 14. Ng5 Bxg5 15. Bxg5 f6 16. Be3 c4 17. a5 Rac8 18. Nd2 Kb8 19. Nxc4 Bxc4 20. Bxc4 Nd4 21. Bd3 Nb3 22. Ra3 Nc5 23. Bc2 Rhd8 24. f3 Nf4 25. Rd1 Rxd1+ 26. Bxd1 Rd8 27. Bc2 Ncd3 28. b4 Ne2+ 29. Kh2 Ne1 30. Ba4 Nf4 31. Bxf4 exf4 32. Ra1 Nd3 33. Rd1 Kc7 34. Bc2 Ne5 35. Rxd8 Kxd8 36. Bb3 g5 37. Bd5 Kc7 38. Kg1 Nd3 39. Kf1 h6 40. Ke2 Ne5 41. c4 Kb8 42. b5 Kc7 43. b6+ Kc8 44. c5 Kb8 45. Kd2 Ng6 46. Bc4 Ne5 47. Bd5 Ng6 48. Ke2 Ne5 49. Kf1 Ng6 50. Kg1 Ne5 51. Kh2 h5 52. h4 Kc8 53. hxg5 fxg5 54. Be6+ Kb8 55. Bd5 Nd3 56. c6 bxc6 57. Bxc6 Ne5 58. Bd5 Kc8 59. Kg1 Kb8 60. Kf2 Nd3+ 61. Ke2 Ne5 62. Kd2 Kc8 63. Kc3 g4 64. fxg4 Nxg4 65. Be6+ Kb7 66. Bxg4 hxg4 67. Kd2 Kc6 68. Ke2 Kd6 69. e5+ 1-0


[Site "https://www.chess.com"]

[Event "Titled Tuesday Blitz July 05 Early 2022"]
[White "Rostovtsev, Dmitry"]
[Black "Sadykov, Ramil"]
[WhiteFideId "34278320"]
[BlackFideId "24113590"]
[WhiteElo "2232"]
[BlackElo "2226"]
[Result "1-0"]
[Round "10"]
[TimeControl "180+1"]
[Date "2022.07.05"]
[WhiteClock "0:01:00"]
[BlackClock "0:01:29"]

1. c4 Nf6 2. Nc3 d5 3. cxd5 Nxd5 4. e4 Nxc3 5. bxc3 g6 6. h4 Bg7 7. h5 c5 8. Nf3 Nc6 9. Rb1 O-O 10. hxg6 hxg6 11. Qa4 Bg4 12. Rxb7 Bxf3 13. Qxc6 Bg4 14. Bc4 Rc8 15. Qxg6 1-0


[Site "https://www.chess.com"]

[Event "Titled Tuesday Blitz July 05 Early 2022"]
[White "So, Wesley"]
[Black "Sjugirov, Sanan"]
[WhiteFideId "5202213"]
[BlackFideId "4189302"]
[WhiteElo "2763"]
[BlackElo "2609"]
[Result "1-0"]
[Round "10"]
[TimeControl "180+1"]
[Date "2022.07.05"]
[WhiteClock "0:01:31"]
[BlackClock "0:00:04"]

1. e4 e5 2. Nf3 Nc6 3. Bc4 Bc5 4. c3 Nf6 5. d3 d6 6. O-O a6 7. Re1 O-O 8. h3 h6 9. Nbd2 Ba7 10. Bb3 Re8 11. Nf1 Be6 12. Bc2 d5 13. exd5 Bxd5 14. Ng3 Qd7 15. Be3 Bxe3 16. Rxe3 Re7 17. Qd2 Rae8 18. Nh4 g6 19. Rae1 Kg7 20. d4 e4 21. f3 Bxa2 22. fxe4 Ne5 23. b3 c5 24. Ngf5+ gxf5 25. Nxf5+ Kh7 26. R3e2 Nf3+ 27. gxf3 Rg8+ 28. Rg2 1-0


[Site "https://www.chess.com"]

[Event "Titled Tuesday Blitz July 05 Early 2022"]
[White "Svane, Rasmus"]
[Black "Malek, Jan"]
[WhiteFideId "4657101"]
[BlackFideId "21864080"]
[WhiteElo "2674"]
[BlackElo "2145"]
[Result "1-0"]
[Round "10"]
[TimeControl "180+1"]
[Date "2022.07.05"]
[WhiteClock "0:01:24"]
[BlackClock "0:01:06"]

1. Nf3 d5 2. g3 Nd7 3. d4 Nb6 4. Nc3 Bf5 5. a4 e6 6. Nh4 Bg6 7. a5 Nc8 8. a6 b6 9. Nxg6 hxg6 10. e4 Nge7 11. Bg5 c6 12. exd5 exd5 13. Qf3 f6 14. Bf4 Nd6 15. Bd3 Kf7 16. h4 Nef5 17. Bxd6 Nxd6 18. h5 gxh5 19. Rxh5 Qe8+ 20. Kf1 Be7 21. Nxd5 Rxh5 22. Qxh5+ Kg8 23. Qh7+ Kf8 24. Nc7 1-0


[Site "https://www.chess.com"]

[Event "Titled Tuesday Blitz July 05 Early 2022"]
[White "Tan, Jun Ying"]
[Black "Tregubov, Pavel V."]
[WhiteFideId "5710413"]
[BlackFideId "4115341"]
[WhiteElo "1827"]
[BlackElo "2341"]
[Result "1-0"]
[Round "10"]
[TimeControl "180+1"]
[Date "2022.07.05"]
[WhiteClock "0:00:18"]
[BlackClock "0:00:05"]

1. d4 Nf6 2. c4 e6 3. Nc3 Bb4 4. e3 O-O 5. Ne2 d5 6. a3 Be7 7. cxd5 exd5 8. Nf4 c6 9. Bd3 Na6 10. O-O Nc7 11. f3 Ne6 12. Bc2 Nxf4 13. exf4 c5 14. Be3 Qc7 15. Qd2 Rd8 16. Kh1 b6 17. f5 Ba6 18. Rg1 Bd6 19. g4 Re8 20. g5 Nh5 21. Nxd5 Qd8 22. Be4 Rb8 23. dxc5 bxc5 24. Rad1 Be5 25. Bxc5 Rxb2 26. Ne7+ Kh8 27. Qxb2 Bxb2 28. Rxd8 Rxd8 29. Rb1 Be5 30. Nc6 Rc8 31. Nxe5 Rxc5 32. Rb8+ Rc8 33. Rxc8+ Bxc8 34. Nxf7+ Kg8 35. Nd6 Bd7 36. Kg2 Kf8 37. Kf2 Ke7 38. Nc4 Nf4 39. f6+ gxf6 40. gxf6+ Kxf6 41. Bxh7 Be6 42. Ne3 Ke5 43. h4 Kd4 44. Bf5 Bf7 45. Ng2 Nd5 46. f4 a5 47. Kf3 Nc3 48. Bg4 Bd5+ 49. Kg3 Ne4+ 50. Kh2 Nf6 51. Be2 Ke4 52. h5 Bf7 53. h6 1-0


[Site "https://www.chess.com"]

[Event "Titled Tuesday Blitz July 05 Early 2022"]
[White "Tari, Aryan"]
[Black "Deac, Bogdan-Daniel"]
[WhiteFideId "1510045"]
[BlackFideId "1226380"]
[WhiteElo "2612"]
[BlackElo "2648"]
[Result "1/2-1/2"]
[Round "10"]
[TimeControl "180+1"]
[Date "2022.07.05"]
[WhiteClock "0:01:08"]
[BlackClock "0:00:06"]

1. e4 e5 2. Nf3 Nc6 3. Nc3 Nf6 4. a3 d5 5. Bb5 Nxe4 6. Qe2 Nxc3 7. Qxe5+ Qe7 8. dxc3 Bd7 9. Qxe7+ Bxe7 10. Bf4 O-O-O 11. O-O-O a6 12. Bxc6 Bxc6 13. Rhe1 Bd6 14. Bxd6 Rxd6 15. Ne5 Rf6 16. f3 Rd8 17. h4 Be8 18. h5 h6 19. Rd4 Re6 20. Rdd1 Rdd6 21. g4 b6 22. f4 f6 23. Nd3 Rxe1 24. Rxe1 Bf7 25. f5 Kd7 26. Nf4 d4 27. Kd2 dxc3+ 28. Kxc3 Rc6+ 29. Kd3 Rd6+ 30. Kc3 Rc6+ 31. Kd3 Rd6+ 32. Ke3 Rc6 33. c3 Rc5 34. Rd1+ Ke7 1/2-1/2


[Site "https://www.chess.com"]

[Event "Titled Tuesday Blitz July 05 Early 2022"]
[White "Tokman, Ariel"]
[Black "Pakleza, Zbigniew"]
[WhiteFideId "117420"]
[BlackFideId "1119290"]
[WhiteElo "2268"]
[BlackElo "2467"]
[Result "1-0"]
[Round "10"]
[TimeControl "180+1"]
[Date "2022.07.05"]
[WhiteClock "0:00:02"]
[BlackClock "0:00:03"]

1. e4 d6 2. Nf3 Nf6 3. Nc3 Bg4 4. Be2 e6 5. d3 Be7 6. O-O O-O 7. a4 d5 8. Nd2 Bxe2 9. Qxe2 c5 10. Nf3 Nc6 11. Bg5 Re8 12. Rfe1 Nb4 13. exd5 exd5 14. Qd2 h6 15. Bh4 a6 16. Re5 d4 17. Ne2 Nfd5 18. Bxe7 Rxe7 19. Ng3 Rxe5 20. Nxe5 Qg5 21. Qxg5 hxg5 22. Rc1 Re8 23. Nc4 Nf4 24. Kf1 g6 25. Ne4 Kg7 26. Nxg5 f5 27. g3 Nfd5 28. a5 Kf6 29. Nf3 g5 30. h4 gxh4 31. Nxh4 f4 32. Nd6 Re7 33. Ne4+ Kf7 34. Nf5 Rc7 35. Kg2 Ke6 36. Nh4 c4 37. dxc4 Rxc4 38. Nf3 fxg3 39. Kxg3 Ke7 40. Ned2 Rxc2 41. Rxc2 Nxc2 42. Kg4 Kd6 43. Kf5 Kc5 44. Ke4 Ndb4 45. Ne5 Kb5 46. f4 1-0


[Site "https://www.chess.com"]

[Event "Titled Tuesday Blitz July 05 Early 2022"]
[White "Tristan, Leonardo"]
[Black "Vlassov, Nikolai"]
[WhiteFideId "113816"]
[BlackFideId "4103360"]
[WhiteElo "2404"]
[BlackElo "2324"]
[Result "1-0"]
[Round "10"]
[TimeControl "180+1"]
[Date "2022.07.05"]
[WhiteClock "0:01:00"]
[BlackClock "0:00:19"]

1. d4 Nf6 2. Nf3 e6 3. Bf4 c5 4. e3 b6 5. Nbd2 Bb7 6. Bd3 Be7 7. h3 d6 8. O-O h6 9. Bh2 Nbd7 10. Re1 Qc7 11. c3 g5 12. e4 g4 13. hxg4 Nxg4 14. Bg3 h5 15. Nh2 Nxh2 16. Bxh2 O-O-O 17. Qf3 f5 18. Qh3 Rdg8 19. Bf1 fxe4 20. Qxe6 Kd8 21. Nxe4 Nf8 22. Qf7 cxd4 23. Nf6 Bc6 24. Nxg8 Bg5 25. Qxf8+ 1-0


[Site "https://www.chess.com"]

[Event "Titled Tuesday Blitz July 05 Early 2022"]
[White "Vasquez Schroeder, Rodrigo"]
[Black "Guz, Ari"]
[WhiteFideId "3400042"]
[BlackFideId "2825759"]
[WhiteElo "2567"]
[BlackElo "1913"]
[Result "1-0"]
[Round "10"]
[TimeControl "180+1"]
[Date "2022.07.05"]
[WhiteClock "0:02:25"]
[BlackClock "0:01:45"]

1. e4 c5 2. Nf3 e6 3. d4 cxd4 4. Nxd4 a6 5. Bd3 Bc5 6. Nb3 Be7 7. Qg4 Nf6 8. Qxg7 Rg8 9. Qh6 Rxg2 10. Qh3 Rg7 11. Bh6 Rg8 12. e5 Ng4 13. Bxh7 Nxh6 14. Bxg8 Nxg8 15. Qh8 Nc6 16. Rg1 1-0


[Site "https://www.chess.com"]

[Event "Titled Tuesday Blitz July 05 Early 2022"]
[White "Zhigalko, Sergei"]
[Black "Koziorowicz, Michal"]
[WhiteFideId "13502956"]
[BlackFideId "21809194"]
[WhiteElo "2662"]
[BlackElo "2202"]
[Result "0-1"]
[Round "10"]
[TimeControl "180+1"]
[Date "2022.07.05"]
[WhiteClock "0:00:01"]
[BlackClock "0:00:57"]

1. e4 c5 2. Nf3 d6 3. d4 cxd4 4. Qxd4 Nf6 5. Nc3 Nc6 6. Bb5 Bd7 7. Bxc6 Bxc6 8. Bg5 e6 9. O-O-O Be7 10. Rhe1 h6 11. Bh4 Qa5 12. Kb1 Rd8 13. Qd2 Qa6 14. Nd4 O-O 15. f3 b5 16. Qf2 b4 17. Nce2 Rb8 18. g4 Rfc8 19. Rg1 Bxe4 20. Bxf6 Bxc2+ 21. Nxc2 b3 22. axb3 Bxf6 23. Nc1 Rc5 24. h4 Rbc8 25. Nb4 Qb7 26. Nbd3 Rc2 27. Qxc2 Rxc2 28. Kxc2 Qc6+ 29. Kb1 Qxf3 30. g5 hxg5 31. hxg5 Bd8 32. g6 fxg6 33. Rdf1 Qh5 34. Nf4 Qf5+ 35. Ka1 Bb6 36. Rh1 g5 37. Nfe2 Qa5+ 38. Na2 g4 39. Ng3 Qe5 40. Nh5 g3 41. Nf4 Qe4 0-1


[Site "https://www.chess.com"]

[Event "Titled Tuesday Blitz July 05 Early 2022"]
[White "Zhou, Liran"]
[Black "Cruz Mendez, Jean Marco"]
[WhiteFideId "30931967"]
[BlackFideId "3526402"]
[WhiteElo "2784"]
[BlackElo "2064"]
[Result "0-1"]
[Round "10"]
[TimeControl "180+1"]
[Date "2022.07.05"]
[WhiteClock "0:00:04"]
[BlackClock "0:00:22"]

1. e4 e5 2. Nf3 Nf6 3. d4 Nxe4 4. Bd3 Nc6 5. Bxe4 d5 6. Nxe5 dxe4 7. Nxc6 bxc6 8. O-O Be7 9. Nc3 f5 10. Bf4 O-O 11. Qd2 Bd6 12. Rad1 Be6 13. Rfe1 Bf7 14. Qe3 Bh5 15. Rd2 Rb8 16. b3 Qf6 17. Qg3 Bxf4 18. Qxf4 Rf7 19. Na4 Re8 20. d5 g5 21. Qe3 f4 22. Qd4 Qf5 23. Nc3 e3 24. fxe3 fxe3 25. g4 Bxg4 26. Rg2 Bh3 27. Qd3 Qf2+ 0-1


[Site "https://www.chess.com"]

[Event "Titled Tuesday Blitz July 05 Early 2022"]
[White "Adewumi, Tanitoluwa"]
[Black "Madaminov, Mukhiddin"]
[WhiteFideId "30966396"]
[BlackFideId "14210703"]
[WhiteElo "2584"]
[BlackElo "2011"]
[Result "0-1"]
[Round "11"]
[TimeControl "180+1"]
[Date "2022.07.05"]
[WhiteClock "0:00:03"]
[BlackClock "0:00:25"]

1. e4 e5 2. Nf3 Nc6 3. Bc4 Nf6 4. d3 h6 5. h3 d6 6. c3 g6 7. O-O Bg7 8. Be3 O-O 9. Nbd2 Na5 10. Bb5 a6 11. Ba4 b5 12. Bc2 c5 13. b4 cxb4 14. cxb4 Nc6 15. a3 Be6 16. Bb3 d5 17. Rc1 Qd7 18. exd5 Nxd5 19. Ne4 Nxe3 20. fxe3 Bxb3 21. Qxb3 Ne7 22. Nh2 Qd5 23. Qxd5 Nxd5 24. Rf3 Rfc8 25. Rxc8+ Rxc8 26. Rxf7 Nxe3 27. Rd7 Rc2 28. g3 Rg2+ 29. Kh1 Ra2 30. Nf3 g5 31. g4 Rxa3 32. h4 Nxg4 33. hxg5 hxg5 34. Nfxg5 Bf6 35. Ne6 Ra2 36. Nxf6+ Nxf6 37. Rg7+ Kh8 38. Rg6 Nd5 39. Rh6+ Kg8 40. Nc5 Nxb4 41. Rh4 a5 42. Nd7 Nxd3 43. Rh3 Nf2+ 0-1


[Site "https://www.chess.com"]

[Event "Titled Tuesday Blitz July 05 Early 2022"]
[White "Al-Tarboush, Ward"]
[Black "Ladopoulos, Dimitrios"]
[WhiteFideId "7601450"]
[BlackFideId "4239580"]
[WhiteElo "2231"]
[BlackElo "2195"]
[Result "0-1"]
[Round "11"]
[TimeControl "180+1"]
[Date "2022.07.05"]
[WhiteClock "0:00:55"]
[BlackClock "0:01:39"]

1. e4 c5 2. Nf3 e6 3. d4 cxd4 4. Nxd4 Nf6 5. Nc3 d6 6. g4 h6 7. Bg2 a6 8. h4 Nc6 9. g5 hxg5 10. hxg5 Rxh1+ 11. Bxh1 Nd7 12. g6 Qh4 13. gxf7+ Kxf7 14. Qf3+ Nf6 15. Nxc6 bxc6 16. e5 dxe5 17. Qxc6 Ra7 18. Be3 Rd7 19. Qg2 Bb7 20. Qxb7 Rxb7 21. Bxb7 Qb4 22. O-O-O Qxb7 23. a4 Bb4 24. Na2 Be7 25. c3 Qb3 26. Nb4 Bxb4 27. cxb4 Qxa4 28. Bc5 Nd5 29. Rd3 e4 30. Ra3 Qb5 31. Ra5 Qe2 32. b5 Nf4 33. Ra2 Nd3+ 0-1


[Site "https://www.chess.com"]

[Event "Titled Tuesday Blitz July 05 Early 2022"]
[White "Andreikin, Dmitry"]
[Black "Lazavik, Denis"]
[WhiteFideId "4158814"]
[BlackFideId "13515110"]
[WhiteElo "2736"]
[BlackElo "2437"]
[Result "1-0"]
[Round "11"]
[TimeControl "180+1"]
[Date "2022.07.05"]
[WhiteClock "0:00:10"]
[BlackClock "0:00:02"]

1. d4 d5 2. c4 c6 3. Nf3 Nf6 4. Qc2 dxc4 5. Qxc4 Bf5 6. g3 e6 7. Bg2 Be7 8. O-O O-O 9. Nc3 Nbd7 10. e3 h6 11. Re1 Ne4 12. Nd2 Nxd2 13. Bxd2 Bh7 14. Rad1 Rc8 15. Bc1 Qa5 16. e4 Rfd8 17. a3 b5 18. Qe2 Qb6 19. Be3 a6 20. d5 c5 21. dxe6 Qxe6 22. f4 Nb6 23. f5 Qb3 24. g4 Bf6 25. Rxd8+ Rxd8 26. e5 Bxe5 27. Bxc5 Nc4 28. Bd5 Re8 29. Kg2 Qxb2 30. Qxb2 Nxb2 31. Bd4 Nd3 32. Re3 Nf4+ 33. Kf3 Nxd5 34. Nxd5 f6 35. Nc7 Rc8 36. Bxe5 fxe5 37. Nxa6 g6 38. Ke4 gxf5+ 39. gxf5 Kf7 40. Nb4 Rc5 41. Rf3 Bg8 42. Rh3 Kg7 43. Rg3+ Kf8 44. Rg6 h5 45. Rf6+ Ke7 46. Rc6 Rxc6 47. Nxc6+ Kf6 48. Nxe5 Ba2 49. Nd7+ Ke7 50. Nc5 Kf6 51. Kf4 Bb1 52. Ne4+ Kf7 53. Ke5 Bd3 54. h4 Ke7 55. Ng3 Kd7 56. Nxh5 1-0


[Site "https://www.chess.com"]

[Event "Titled Tuesday Blitz July 05 Early 2022"]
[White "Averjanov, Alexey"]
[Black "Tokman, Ariel"]
[WhiteFideId "14109867"]
[BlackFideId "117420"]
[WhiteElo "2713"]
[BlackElo "2268"]
[Result "1-0"]
[Round "11"]
[TimeControl "180+1"]
[Date "2022.07.05"]
[WhiteClock "0:00:20"]
[BlackClock "0:00:11"]

1. d4 d6 2. c4 Nf6 3. Nf3 Nbd7 4. Nc3 e5 5. g3 c6 6. Bg2 e4 7. Nd2 d5 8. e3 Be7 9. O-O O-O 10. f3 exf3 11. Qxf3 Nb6 12. b3 Bg4 13. Qf2 Bh5 14. h3 Bg6 15. Bb2 Bd3 16. Rfe1 dxc4 17. bxc4 Nxc4 18. Nxc4 Bxc4 19. e4 Qd7 20. Rad1 Rad8 21. d5 cxd5 22. exd5 Bd6 23. Kh2 Rfe8 24. Qd4 b5 25. a4 a6 26. axb5 axb5 27. Qh4 Rxe1 28. Rxe1 Re8 29. Ne4 Nxe4 30. Rxe4 Rxe4 31. Bxe4 h6 32. Qh5 Qe7 33. Qf5 g6 34. Qc8+ Qf8 35. Qd7 Qe7 36. Qc8+ Qf8 37. Qd7 h5 38. Bf6 Qb8 39. Bxg6 Bxd5 40. Kg1 Bxg3 41. Bd4 Qd6 42. Qe8+ Qf8 43. Bh7+ Kxh7 1-0


[Site "https://www.chess.com"]

[Event "Titled Tuesday Blitz July 05 Early 2022"]
[White "Cherniaiev, Tykhon"]
[Black "Aloma Vidal, Robert"]
[WhiteFideId "14182360"]
[BlackFideId "2260409"]
[WhiteElo "2263"]
[BlackElo "2435"]
[Result "0-1"]
[Round "11"]
[TimeControl "180+1"]
[Date "2022.07.05"]
[WhiteClock "0:00:01"]
[BlackClock "0:00:07"]

1. Nf3 d5 2. d4 Nf6 3. c4 c6 4. e3 g6 5. Bd3 Bg7 6. O-O O-O 7. Nbd2 a6 8. b3 Nbd7 9. Bb2 b5 10. e4 e6 11. Rc1 bxc4 12. bxc4 Rb8 13. Ba3 Re8 14. e5 Nh5 15. cxd5 cxd5 16. Bd6 Rb2 17. g3 f6 18. Rc7 Bf8 19. Qc1 Bxd6 20. exd6 Rb6 21. Nb3 Rxd6 22. Qc3 Nb6 23. Rc1 Nc4 24. Rc5 Bb7 25. Na5 Ba8 26. Nxc4 dxc4 27. Bxc4 Ng7 28. Bb3 Nf5 29. Rc8 Qe7 30. Rxe8+ Qxe8 31. Qc8 Kf8 32. Ba4 Qd8 33. Qc3 Nxd4 34. Nxd4 Rxd4 35. Bb3 Kg7 36. Qc7+ Qxc7 37. Rxc7+ Kh6 38. Ra7 Bf3 39. Rxa6 e5 40. Ra7 Rd3 41. Rc7 Kg5 42. Rc1 h5 43. h4+ Kg4 44. Be6+ f5 45. Bf7 Rd6 46. a4 Rf6 47. Bc4 f4 48. gxf4 exf4 49. a5 Bb7 50. Rb1 Be4 51. Re1 Kf5 52. a6 Rc6 53. Bb5 Rb6 54. Bf1 f3 55. Ra1 Kf4 56. Ra4 Ke5 57. Ra5+ Kf4 58. Kh2 Rb8 59. Ra4 Ke5 60. Kg3 Bd5 61. Ra5 Kd4 62. a7 Ra8 63. Kf4 Rf8+ 64. Kg5 Be4 65. Ra4+ Ke5 66. Ba6 Bc6 67. Rc4 Bd5 68. Rc5 Rf5+ 69. Kxg6 Rf6+ 70. Kg5 Rxa6 71. Rc7 Kd4 72. Kxh5 Ke5 73. Kg5 Ra1 74. h5 Rg1+ 75. Kh4 Kf4 76. Rc1 Rxc1 0-1


[Site "https://www.chess.com"]

[Event "Titled Tuesday Blitz July 05 Early 2022"]
[White "Chernobay, Artem"]
[Black "Franca, Ricardo Bedin"]
[WhiteFideId "4167406"]
[BlackFideId "2107066"]
[WhiteElo "2473"]
[BlackElo "2551"]
[Result "1-0"]
[Round "11"]
[TimeControl "180+1"]
[Date "2022.07.05"]
[WhiteClock "0:01:19"]
[BlackClock "0:01:03"]

1. d4 Nf6 2. c4 c5 3. d5 e6 4. Nc3 exd5 5. cxd5 d6 6. e4 g6 7. f4 Bg7 8. Bb5+ Nfd7 9. Bd3 O-O 10. Nf3 a6 11. a4 Qc7 12. O-O c4 13. Bc2 Nb6 14. f5 Bd7 15. Qe1 Be8 16. Qh4 N8d7 17. Bh6 Nf6 18. Ng5 Nbd7 19. fxg6 fxg6 20. Bxg7 Qb6+ 21. Kh1 Kxg7 22. Ne6+ 1-0


[Site "https://www.chess.com"]

[Event "Titled Tuesday Blitz July 05 Early 2022"]
[White "Cruz Mendez, Jean Marco"]
[Black "Hansen, Eric"]
[WhiteFideId "3526402"]
[BlackFideId "2606771"]
[WhiteElo "2064"]
[BlackElo "2568"]
[Result "0-1"]
[Round "11"]
[TimeControl "180+1"]
[Date "2022.07.05"]
[WhiteClock "0:00:03"]
[BlackClock "0:01:36"]

1. e4 c5 2. Nf3 e6 3. d4 cxd4 4. Nxd4 Nc6 5. Nc3 a6 6. Be3 Qc7 7. f3 Nf6 8. Qd2 b5 9. O-O-O Ne5 10. g4 h6 11. Be2 b4 12. Na4 d5 13. exd5 Nxd5 14. Bf2 Bd7 15. f4 Nxf4 16. Kb1 Nxe2 17. Qxe2 Bxa4 18. Bg3 Bd6 19. Rhe1 O-O 20. Bxe5 Bxe5 21. Qxe5 Qxe5 22. Rxe5 Rfd8 23. b3 Bd7 24. Kc1 f6 25. Rc5 e5 26. Nf5 h5 27. Rcd5 Ra7 28. gxh5 Bxf5 29. Rxd8+ Kh7 30. Rb8 Rc7 31. Rd2 a5 32. Rb5 Kh6 33. Rxa5 Rb7 34. Rdd5 Kxh5 35. Rab5 Re7 36. Rxb4 Bh3 37. a4 g5 38. a5 e4 39. Kd2 e3+ 40. Ke1 f5 41. a6 f4 42. Ke2 Bg4+ 43. Ke1 f3 44. Rxg4 Kxg4 45. Rd4+ Kh3 46. b4 g4 47. a7 Rxa7 0-1


[Site "https://www.chess.com"]

[Event "Titled Tuesday Blitz July 05 Early 2022"]
[White "Deac, Bogdan-Daniel"]
[Black "Fedoseev, Vladimir"]
[WhiteFideId "1226380"]
[BlackFideId "24130737"]
[WhiteElo "2648"]
[BlackElo "2726"]
[Result "1-0"]
[Round "11"]
[TimeControl "180+1"]
[Date "2022.07.05"]
[WhiteClock "0:00:10"]
[BlackClock "0:00:06"]

1. d4 Nf6 2. c4 g6 3. Nc3 d5 4. cxd5 Nxd5 5. e4 Nxc3 6. bxc3 Bg7 7. Nf3 c5 8. Bb5+ Nc6 9. O-O O-O 10. Bxc6 bxc6 11. Qc2 Bg4 12. Ne5 Bxe5 13. dxe5 Qc7 14. f4 Be6 15. Qa4 c4 16. Qc2 Kh8 17. Be3 Rad8 18. Rad1 Bg4 19. Rd4 Qa5 20. Rxc4 Be6 21. Rxc6 Rc8 22. Rxc8 Rxc8 23. Bd4 Bc4 24. Rf2 Kg8 25. f5 Rb8 26. h3 a6 27. e6 fxe6 28. fxg6 e5 29. gxh7+ Kh8 30. Be3 Qb5 31. Kh2 Bd3 32. Qd2 Bxe4 33. Bh6 Qc6 34. Qg5 Qg6 35. Qxe5+ Kxh7 36. Qxb8 Qxh6 37. Qf4 Qg6 38. Qf7+ Qg7 39. Qxg7+ Kxg7 40. Re2 Bd5 41. Rxe7+ Kf6 42. Ra7 Bc4 43. a4 Ke5 44. h4 Kf4 45. h5 Kg5 46. Rc7 Bd3 47. Rc5+ Kh4 48. h6 Kg4 49. Rc7 Kg5 50. h7 Bxh7 51. Rxh7 1-0


[Site "https://www.chess.com"]

[Event "Titled Tuesday Blitz July 05 Early 2022"]
[White "Djokic, Mihailo"]
[Black "Pesotskiy, Mikhail"]
[WhiteFideId "976440"]
[BlackFideId "34164453"]
[WhiteElo "2246"]
[BlackElo "2010"]
[Result "1-0"]
[Round "11"]
[TimeControl "180+1"]
[Date "2022.07.05"]
[WhiteClock "0:01:30"]
[BlackClock "0:01:02"]

1. e4 e6 2. d4 d5 3. Nc3 Bb4 4. e5 c5 5. a3 Bxc3+ 6. bxc3 Qa5 7. Bd2 Qa4 8. Qb1 c4 9. Nf3 Nc6 10. h4 Nge7 11. h5 h6 12. Rh4 Bd7 13. Rg4 Nf5 14. Rf4 Rf8 15. g4 Nfe7 16. g5 hxg5 17. Nxg5 Nf5 18. Rg4 O-O-O 19. Nh3 Rh8 20. Nf4 f6 21. exf6 gxf6 22. Be2 e5 23. Nxd5 exd4 24. Nxf6 Ne5 25. Re4 Nc6 26. cxd4 Ncxd4 27. Bd1 Bc6 28. Re5 Rh6 29. Bxh6 1-0


[Site "https://www.chess.com"]

[Event "Titled Tuesday Blitz July 05 Early 2022"]
[White "Golubev, Mikhail"]
[Black "Tanenbaum, Zachary"]
[WhiteFideId "14100983"]
[BlackFideId "2060850"]
[WhiteElo "2374"]
[BlackElo "2175"]
[Result "0-1"]
[Round "11"]
[TimeControl "180+1"]
[Date "2022.07.05"]
[WhiteClock "0:00:02"]
[BlackClock "0:00:08"]

1. e4 e5 2. Nf3 Nc6 3. Bb5 a6 4. Ba4 d6 5. O-O Nf6 6. Nc3 b5 7. Bb3 Na5 8. d3 Be7 9. Ne2 O-O 10. Ng3 Nxb3 11. axb3 h6 12. d4 Bb7 13. dxe5 Nxe4 14. Nf5 dxe5 15. Nxe5 Bg5 16. Nd7 Re8 17. f3 Bxc1 18. Rxc1 Bc8 19. Ra1 Bxd7 20. fxe4 Rxe4 21. Qd5 Bxf5 22. Qxf5 Qe7 23. Rxa6 Rxa6 24. Qc8+ Kh7 25. Qxa6 Qc5+ 26. Kh1 Qf2 27. Qa1 Qxc2 28. Rxf7 Qxb2 29. Qf1 Qe5 30. Qg1 Re1 31. Rf1 Re3 32. b4 Rb3 0-1


[Site "https://www.chess.com"]

[Event "Titled Tuesday Blitz July 05 Early 2022"]
[White "Guz, Ari"]
[Black "Abrahamyan, Tatev"]
[WhiteFideId "2825759"]
[BlackFideId "13301918"]
[WhiteElo "1913"]
[BlackElo "2347"]
[Result "1-0"]
[Round "11"]
[TimeControl "180+1"]
[Date "2022.07.05"]
[WhiteClock "0:00:04"]
[BlackClock "0:00:02"]

1. e4 e6 2. Qe2 d5 3. exd5 Qxd5 4. Nc3 Qd8 5. g3 Nf6 6. Bg2 Be7 7. Nf3 O-O 8. d4 c5 9. Be3 Nc6 10. O-O-O Qa5 11. Kb1 Bd7 12. g4 c4 13. Ne5 Nxe5 14. dxe5 Qxe5 15. g5 Nd5 16. Bxd5 exd5 17. Nxd5 Bc6 18. Nxe7+ Qxe7 19. Rhe1 c3 20. b3 Rfe8 21. h4 a5 22. Qc4 Bf3 23. Rd4 Rec8 24. Qd3 a4 25. b4 a3 26. Bd2 Qc7 27. Qxf3 cxd2 28. Rxd2 Ra4 29. Qb3 Ra6 30. Rde2 h6 31. Re7 Qc4 32. Re8+ Kh7 33. Rxc8 Qxc8 34. Qxf7 Rb6 35. Qb3 Qf8 36. Qd3+ Kh8 37. c3 Rd6 38. Qc2 Qd8 39. gxh6 gxh6 40. Qc1 Qd7 41. Qxa3 Qf5+ 42. Ka1 Qxf2 43. Qc1 1-0


[Site "https://www.chess.com"]

[Event "Titled Tuesday Blitz July 05 Early 2022"]
[White "Ibarra Jerez, Jose Carlos"]
[Black "Dubov, Daniil"]
[WhiteFideId "2226332"]
[BlackFideId "24126055"]
[WhiteElo "2628"]
[BlackElo "2791"]
[Result "0-1"]
[Round "11"]
[TimeControl "180+1"]
[Date "2022.07.05"]
[WhiteClock "0:00:04"]
[BlackClock "0:00:08"]

1. e4 e5 2. Nf3 Nc6 3. Bb5 a6 4. Bxc6 dxc6 5. O-O Qf6 6. d4 exd4 7. Bg5 Qd6 8. Nxd4 Be7 9. Be3 Qg6 10. f3 Bd7 11. Nd2 O-O-O 12. Qe2 h6 13. Nc4 Bf6 14. Nb3 Be7 15. Rad1 Nf6 16. Nba5 Qh5 17. e5 Nd5 18. Nxb7 Nxe3 19. Qxe3 Kxb7 20. Na5+ Ka8 21. Rxd7 Rxd7 22. Nxc6 Kb7 23. Qa7+ Kxc6 24. Qxa6+ Kc5 25. Qa5+ Kc6 26. Qa6+ Kd5 27. Rd1+ Kxe5 28. Rxd7 Bc5+ 29. Kh1 Qg5 30. Qe2+ Kf6 31. g3 Bd6 32. Qc4 Rf8 33. Qe4 Qf5 34. Qc6 Qe6 35. Kg2 Kg6 36. b4 Bxb4 37. Qxe6+ fxe6 38. Rxc7 Ra8 39. Rc4 Be7 40. a4 Kf6 41. f4 e5 42. Kf3 exf4 43. Rxf4+ Ke6 44. Re4+ Kd6 45. Rd4+ Kc6 46. Kg4 Bc5 47. Rf4 Kd5 48. Kh5 Ra6 49. Rg4 Bd4 50. Rg6 Bf6 51. g4 Rxa4 52. h4 Rc4 53. g5 hxg5 54. hxg5 Bb2 55. Rb6 Rxc2 56. Kg6 Rg2 57. Rb7 Bd4 58. Rd7+ Ke4 59. Re7+ Be5 60. Re6 Rg1 61. Ra6 Kd5 62. Ra5+ Kd6 63. Ra6+ Kc5 64. Ra5+ Kd4 65. Ra4+ Kd3 66. Kf5 Bc3 67. Ra7 Rf1+ 68. Kg6 Rb1 69. Rxg7 Rb6+ 70. Kh7 Bxg7 71. Kxg7 Ke4 72. g6 Kf5 73. Kh8 Rxg6 0-1


[Site "https://www.chess.com"]